 Dungeon Crawl Stone Soup version 0.30-b1-2-g02819fbbbe (webtiles) character file.

Game seed: 1539924920259719157

798 Pajje the Digger (level 7, 0/45 HPs)
             Began as an Octopode Earth Elementalist on Aug 15, 2023.
             Was a Follower of Okawaru.
             Slain by a mummy (18 damage)
             ... in an ossuary.
             The game lasted 00:21:35 (5636 turns).

Pajje the Digger (Octopode Earth Elementalist)      Turns: 5636, Time: 00:21:36

Health: 0/45       AC:  1    Str:  8    XL:     7   Next: 90%
Magic:  2/12       EV: 14    Int: 19    God:    Okawaru [*.....]
Gold:   238        SH:  0    Dex: 12    Spells: 9/13 levels left

rFire   . . .        c - +0 dagger
rCold   . . .        k - orb {light}
rNeg    . . .        (helmet restricted)
rPois   +            (no amulet)
rElec   .            h - ring of wizardry
rCorr   .            f - ring of poison resistance
SInv    .            j - ring of wizardry
Will    .....        (no ring)
Stlth   +            (no ring)
HPRegen 0.27/turn    (no ring)
MPRegen 0.13/turn    (no ring)
                     (no ring)

%: wizardry (x2)
@: glowing
A: almost no armour, amphibious, 8 rings, camouflage 1, gelatinous body 1,
(nimble swimmer 1), tentacles
a: Renounce Religion, Heroism


You were in an ossuary.
You worshipped Okawaru.
Okawaru was aware of your devotion.
You visited 1 branch of the dungeon, and saw 6 of its levels.
You also visited: Ossuary.

You collected 238 gold pieces.

Inventory:

Hand Weapons
 c - a +0 dagger (weapon)
Armour
 k - an orb of light (worn)
Jewellery
 f - a ring of poison resistance (right tentacle)
 h - a ring of wizardry (left tentacle)
 j - a ring of wizardry (on tentacle)
Wands
 p - a wand of polymorph (14)
Scrolls
 m - 2 scrolls of noise
 r - a scroll of poison
Potions
 a - 3 potions of magic
 b - 2 potions of ambrosia
 d - 2 potions of heal wounds
 e - a potion of might {unknown}
 g - 2 potions of brilliance {unknown}
 i - a potion of attraction {unknown}
 l - a potion of lignification {unknown}
 n - 3 potions of flight {unknown}
 o - a potion of invisibility {unknown}


   Skills:
 + Level 2.9 Fighting
 + Level 3.8 Dodging
 - Level 2.6 Stealth
 + Level 3.5 Spellcasting
 + Level 3.3 Transmutations
 * Level 5.6 Earth Magic
 + Level 2.2 Invocations


You had 9 spell levels left.
You knew the following spells:

 Your Spells              Type           Power      Damage    Failure   Level
a - Sandblast             Erth           48%        2d12      1%          1
b - Stone Arrow           Conj/Erth      28%        3d8       4%          3

Your spell library contained the following spells:

 Spells                   Type           Power      Damage    Failure   Level
 Passwall                 Tmut/Erth      16%        N/A       1%          2
 Petrify                  Tmut/Erth      20%        N/A       6%          4
 Ignite Poison            Fire/Tmut/Pois 7%         N/A       8%          3
 Sticky Flame             Conj/Fire      3%         2d3       34%         4
 Ignition                 Fire           1%         3d3       100%        8


Dungeon Overview and Level Annotations

Branches:
Dungeon (6/15)             Temple (0/1) D:5         Ossuary (1/1)

Altars:
Fedhas
Okawaru

Shops:
D:2 !


Innate Abilities, Weirdness & Mutations

You cannot wear most types of armour.
You are amphibious.
You can wear up to eight rings at the same time.
Your skin changes colour to match your surroundings (Stealth+).
Your rubbery body absorbs attacks. (AC +1, EV +1)
((You are camouflaged when in or above water. (Stealth+)))
You have tentacles for arms and can constrict up to eight enemies at once.


Message History

The wyvern zombie misses you.
You hit the wyvern zombie but do no damage.
The wyvern zombie is heavily damaged.
The wyvern zombie misses you.
A mummy comes into view.
The wyvern zombie closely misses you.
You hit the wyvern zombie. You squeeze the wyvern zombie!
The wyvern zombie is severely damaged.
The wyvern zombie completely misses you.
You hit the wyvern zombie but do no damage.
The wyvern zombie is severely damaged.
The wyvern zombie bites you!
You hit the wyvern zombie but do no damage.
You squeeze the wyvern zombie.
The wyvern zombie is severely damaged.
The wyvern zombie bites you.
You are too injured to fight recklessly!
You are too injured to fight recklessly!
You hit the mummy. You grab the mummy.
The mummy is lightly damaged.
You constrict the mummy, but do no damage.
You hit the mummy.
The mummy is lightly damaged.
You constrict the mummy, but do no damage.
You hit the mummy but do no damage.
The mummy is lightly damaged.
You constrict the mummy.
The mummy escapes!
You hit the mummy but do no damage. You grab the mummy.
The mummy is moderately damaged.
You constrict the mummy, but do no damage.
You hit the mummy but do no damage.
The mummy is moderately damaged.
You constrict the mummy. The mummy barely misses you.
You hit the mummy.
The mummy is heavily damaged.
You constrict the mummy. The mummy hits you.
You hit the mummy.
The mummy is severely damaged.
You constrict the mummy. The mummy hits you!!
You die...

##### ###
#..M#.'.#
#.∩@MZ#
#∩..#.+
##### #


You could see 2 mummies and a wyvern zombie.

Vanquished Creatures
  A water moccasin (D:4)
  An ice beast (D:5)
  A phantom (D:5)
  3 scorpions
  2 hounds
  2 jellies
  A gnoll bouda (D:5)
  A sleepcap (D:4)
  An iguana (D:4)
  2 mummies (Ossuary)
  3 adders (D:4)
  3 gnolls (D:5)
  3 worms (D:5)
  14 ball pythons
  2 endoplasms
  2 giant cockroaches
  6 goblins
  8 hobgoblins
  3 quokkas
  5 bats
  3 frilled lizards (D:1)
  7 kobolds
  5 rats
  2 rat zombies (D:6)
81 creatures vanquished.

Vanquished Creatures (others)
  2 withered plants (Ossuary)
2 creatures vanquished.

Grand Total: 83 creatures vanquished

Notes
Turn   | Place    | Note
-------+----------+-------------------------------------------
     0 | D:1      | Pajje the Octopode Earth Elementalist began the quest for
                  | the Orb.
     0 | D:1      | Reached XP level 1. HP: 11/11 MP: 3/3
    32 | D:1      | You fall into a shaft and drop 1 floor!
   125 | D:2      | Reached XP level 2. HP: 17/17 MP: 3/5
   228 | D:2      | Found Hiacy's Distillery.
   315 | D:2      | Found an iron altar of Okawaru.
   623 | D:2      | Became a worshipper of Warmaster Okawaru
   997 | D:1      | Reached XP level 3. HP: 22/22 MP: 4/6
  1020 | D:1      | Learned a level 3 spell: Stone Arrow
  2165 | D:3      | Reached skill level 1 in Fighting
  2207 | D:3      | Noticed a scorpion
  2209 | D:3      | Killed a scorpion
  2210 | D:3      | Reached skill level 4 in Earth Magic
  2210 | D:3      | Reached XP level 4. HP: 28/28 MP: 0/7
  3034 | D:4      | Noticed a water moccasin
  3042 | D:4      | Killed a water moccasin
  3042 | D:4      | Reached * piety under Okawaru
  3043 | D:4      | Reached XP level 5. HP: 20/34 MP: 0/9
  3071 | D:4      | Reached XP level 6. HP: 31/39 MP: 2/10
  3449 | D:4      | Found a blossoming altar of Fedhas.
  4082 | D:5      | Entered Level 5 of the Dungeon
  4146 | D:5      | Reached skill level 5 in Earth Magic
  4146 | D:5      | Reached skill level 1 in Invocations
  4146 | D:5      | Reached XP level 7. HP: 45/45 MP: 0/11
  4257 | D:5      | Found a staircase to the Ecumenical Temple.
  5534 | D:6      | Found a sand-covered staircase.
  5611 | Ossuary  | Entered an ossuary
  5636 | Ossuary  | Slain by a mummy

Illustrated notes

Levels and vault maps discovered:
D:1:      ebering_hopf_link, layout_loops_ring, solitary_fountain,
          nicolae_figureground_pulse
D:2:      layout_rooms, basic_altar, serial_shops, shop, minivault_11
D:3:      wander_river, layout_basic
D:4:      layout_cave_pods, marbit_many_paths, due_unseen_surprise
D:5:      layout_basic, minmay_temple_entry_tees, cheibrodos_sewer_entry_bend
D:6:      layout_cave_pools, nicolae_overflow_hidden_temple, enter_ossuary_4,
          uniq_menkaure
Ossuary:  ossuary_zaba_flooded

Skill      XL: |  1  2  3  4  5  6  7 |
---------------+----------------------+-----
Fighting       | 1 2 |  2.9
Earth Magic    | 4 5 |  5.6
Dodging        | 3 |  3.8
Transmutations | 2 3 |  3.3
Spellcasting   | 3 |  3.5
Invocations    | 1 2 |  2.2
Stealth        | |  2.6

Action                     |  1- 3 |  4- 6 |  7- 9 || total
---------------------------+-------+-------+-------++-------
  Melee: Dagger            |     5 |    13 |    29 ||    47
         Tentacles         |     1 |     8 |    10 ||    19
         Constrict         |     1 |     3 |     4 ||     8
   Cast: Sandblast         |    26 |    22 |    10 ||    58
         Stone Arrow       |    18 |    15 |    25 ||    58
    Use: Scroll            |     2 |     4 |     3 ||     9
   Stab: Sleeping          |     1 |       |       ||     1
  Dodge: Dodged            |     2 |    16 |    19 ||    37
